 Dungeon Crawl Stone Soup version 0.29-a0-824-gd827844252 (webtiles) character file.

Game seed: 6960828035755929981

205 gobodom the Stinger (level 5, -6/37 HPs)
             Began as a Demonspawn Venom Mage on July 11, 2022.
             Was a Follower of Makhleb.
             Mangled by a gnoll
             ... wielding a +0 spear
              (9 damage)
             ... on level 3 of the Dungeon.
             The game lasted 00:08:26 (4056 turns).

gobodom the Stinger (Demonspawn Venom Mage)         Turns: 4056, Time: 00:08:26

Health: -6/37      AC:  2    Str:  9    XL:     5   Next: 52%
Magic:  0/9        EV: 12    Int: 18    God:    Makhleb [*.....]
Gold:   146        SH:  0    Dex: 13    Spells: 7/10 levels left

rFire   . . .      SeeInvis .   c - +0 short sword
rCold   . . .      Faith    .   (no shield)
rNeg    . . .      Spirit   .   a - +0 robe
rPois   .          Reflect  .   (no helmet)
rElec   .          Harm     .   (no cloak)
rCorr   .          Rampage  .   (no gloves)
Will    .....                   (no boots)
Stlth   ++........              (no amulet)
HPRegen 0.12/turn               (no ring)
MPRegen 0.11/turn               (no ring)

@: no status effects
A: claws 1, powered by pain 1
a: Renounce Religion


You were on level 3 of the Dungeon.
You worshipped Makhleb.
Makhleb was aware of your devotion.
You visited 1 branch of the dungeon, and saw 3 of its levels.

You collected 146 gold pieces.

Inventory:

Hand Weapons
 c - a +0 short sword (weapon)
Armour
 a - a +0 robe (worn)
Wands
 k - a wand of mindburst (9)
 o - a wand of iceblast (5)
Scrolls
 e - a scroll of identify {unknown}
 g - a scroll of teleportation
 h - a scroll of fog {unknown}
 i - a scroll of noise {unknown}
 l - a scroll of summoning {unknown}
Potions
 b - a potion of magic
 d - a potion of flight {unknown}
 f - a potion of brilliance {unknown}
 j - a potion of berserk rage {unknown}
 m - a potion of attraction {unknown}
 n - 3 potions of degeneration {unknown}


   Skills:
 + Level 1.2 Fighting
 + Level 1.1 Short Blades
 + Level 2.0 Dodging
 + Level 1.9 Stealth
 + Level 3.2 Spellcasting
 + Level 2.5 Transmutations
 + Level 4.0 Poison Magic


You had 7 spell levels left.
You knew the following spells:

 Your Spells              Type           Power      Damage    Failure   Level
a - Sting                 Tmut/Pois      56%        1d5       4%          1
b - Poisonous Vapours     Pois/Air       20%        N/A       11%         2

Your spell library contained the following spells:

 Spells                   Type           Power      Damage    Failure   Level
 Freeze                   Ice            8%         1d3       16%         1
 Necrotise                Necr           8%         1d4       16%         1
 Mephitic Cloud           Conj/Pois/Air  7%         N/A       28%         3
 Olgreb's Toxic Radiance  Pois           17%        N/A       30%         4
 Frozen Ramparts          Ice            4%         1d2       43%         3
 Vampiric Draining        Necr           2%         2d6       43%         3
 Hailstorm                Conj/Ice       2%         3d3       85%         4
 Agony                    Necr           2%         N/A       99%         5


Dungeon Overview and Level Annotations

Branches:
Dungeon (3/15)

Altars:
Makhleb


Innate Abilities, Weirdness & Mutations

You have sharp fingernails.
You sometimes gain a little power by taking damage.


Message History

The gnoll hits you with a +0 flail. The gnoll completely misses you.
You are too injured to fight recklessly!
You barely miss the gnoll.
The gnoll is heavily wounded.
The gnoll barely misses you. The gnoll closely misses you.
You are too injured to fight recklessly!
Casting: Sting (safe; 4% risk of failure)
Confirm with . or Enter, or press ? or * to list all spells.
Aiming: Sting (safe; 4% risk of failure)
Press: ? - help, Shift-Dir - straight line, f/p - gnoll
Aim: a gnoll, wielding a +0 flail (heavily wounded, very poisoned, 75% to hit)
The sting hits the gnoll.
The gnoll looks even sicker.
The gnoll is severely wounded.
The gnoll looks more healthy.
The gnoll barely misses you. The gnoll closely misses you.
You barely miss the gnoll.
The gnoll is severely wounded.
You kill the gnoll!
Makhleb accepts your kill.
You feel better. The gnoll closely misses you.
Your Short Blades skill increases to level 1!
The gnoll hits you with a +0 spear.
Things that are here:
a +0 flail; a gnoll corpse You hit the gnoll.
The gnoll is moderately wounded.
The gnoll hits you with a +0 spear.
* * * LOW HITPOINT WARNING * * *
Casting: Sting (safe; 4% risk of failure)
Confirm with . or Enter, or press ? or * to list all spells.
You don't have enough magic to cast this spell.
Unknown command.
You barely miss the gnoll.
The gnoll is moderately wounded.
The gnoll hits you with a +0 spear!
* * * LOW HITPOINT WARNING * * *
You hit the gnoll but do no damage.
The gnoll is moderately wounded.
The gnoll hits you with a +0 spear!
You die...

##.......
#.....$...####...####.
+.........+...........
.........####...####.
....... ##....##.
..... ##.#.##. ...
#...... #g# ###.###
#@# #.# #.# #.#
##.##### #.#
##...##.########.#
#......#.........#
##....###.########
##..## ##.#
..#####.###.##
....>....#.##


You could see a gnoll.

Vanquished Creatures
  A necrophage (D:3)
  3 adders
  6 gnolls (D:3)
  3 worms
  3 ball pythons
  5 endoplasms
  3 goblins
  3 hobgoblins
  5 jackals
  A quokka (D:3)
  5 bats
  3 frilled lizards
  7 kobolds
  5 rats
53 creatures vanquished.

Notes
Turn   | Place    | Note
-------+----------+-------------------------------------------
     0 | D:1      | gobodom the Demonspawn Venom Mage began the quest for the
                  | Orb.
     0 | D:1      | Reached XP level 1. HP: 13/13 MP: 3/3
   713 | D:1      | Reached skill level 1 in Transmutations
   790 | D:1      | Gained mutation: You sometimes gain a little power by
                  | taking damage. [demonic ancestry]
   790 | D:1      | Reached XP level 2. HP: 15/19 MP: 0/5
  1198 | D:1      | Found a faded altar of an unknown god.
  1392 | D:1      | Prayed at the altar of an unknown god.
  1392 | D:1      | Became a worshipper of Makhleb the Destroyer
  1392 | D:1      | Reached * piety under Makhleb
  1643 | D:2      | Reached XP level 3. HP: 20/24 MP: 4/6
  2712 | D:2      | Learned a level 2 spell: Poisonous Vapours
  2748 | D:3      | Reached skill level 1 in Fighting
  2748 | D:3      | Reached XP level 4. HP: 31/32 MP: 1/7
  3012 | D:3      | Noticed a necrophage
  3045 | D:3      | HP: 1/31 [necrophage (3)]
  3046 | D:3      | Killed a necrophage
  3047 | D:3      | Gained mutation: You have sharp fingernails. [demonic
                  | ancestry]
  3047 | D:3      | Reached XP level 5. HP: 1/37 MP: 3/9
  3694 | D:3      | Reached skill level 4 in Poison Magic
  4053 | D:3      | Reached skill level 1 in Short Blades
  4056 | D:3      | Mangled by a gnoll

Illustrated notes

Levels and vault maps discovered:
D:1:      lemuel_arrival_broad_hall, layout_basic, serial_corexii_hall,
          chequers_hall_statues_y, chequers_hall_statues_wall_a,
          shapermc_ecumenical_altar_notcrosses, minmay_strange_pillars
D:2:      layout_rooms, minmay_statues_item, roderic_lattice_a
D:3:      layout_loops_corners, kennysheep_big_empty_room

Skill      XL: |  1  2  3  4  5 |
---------------+----------------+-----
Transmutations | 1 2 |  2.5
Dodging        | 2 |  2.0
Fighting       | 1 |  1.2
Spellcasting   | 3 |  3.2
Poison Magic   | 4 |  4.0
Short Blades   | 1 |  1.1
Stealth        | |  1.9

Action                   |  1- 3 |  4- 6 || total
-------------------------+-------+-------++-------
Melee: Short sword       |    53 |    31 ||    84
       Unarmed           |     2 |       ||     2
 Cast: Sting             |    63 |    28 ||    91
       Poisonous Vapours |       |     6 ||     6
Evoke: Wand              |       |     2 ||     2
  Use: Scroll            |     1 |       ||     1
Armor: Robe              |    20 |     1 ||    21
Dodge: Dodged            |    47 |    21 ||    68

Table legend: (Time is in decaauts)
 A = Elapsed time spent in this place.
 B = Non-inter-level travel time spent in this place.
 C = Inter-level travel time spent in this place.
 D = Time resting spent in this place.
 E = Time spent auto-exploring this place.
 F = Levels seen in this place.
 G = Mean time per level.
                   A        B        C        D        E       F      G
               +--------+--------+--------+--------+--------+-----+--------+
         Total |   4062 |   3939 |    123 |    815 |   2670 |   3 | 1354.0 |
       Dungeon |   4062 |   3939 |    123 |    815 |   2670 |   3 | 1354.0 |
               +--------+--------+--------+--------+--------+-----+--------+

Top non-repeatable levels by time:
     D:1: 1415 daAuts
     D:3: 1345 daAuts
     D:2: 1301 daAuts
